 Dungeon Crawl Stone Soup version 0.17.0-28-g6e173f8 (webtiles) character file.

356 dohliylev the Magician (level 6, -16/32 HPs)
             Began as a Deep Elf Summoner on Dec 4, 2015.
             Demolished by gorblad's ghost (24 damage)
             ... on level 5 of the Dungeon.
             The game lasted 00:34:42 (5494 turns).

dohliylev the Magician (Deep Elf Summoner)          Turns: 5494, Time: 00:34:42

Health: -16/32     AC:  3    Str:  5    XL:     6   Next: 36%
Magic:  4/17       EV: 13    Int: 22    God:
Gold:   304        SH:  0    Dex: 15    Spells: 2 memorised, 13 levels left

rFire  x . .     SeeInvis .     u - +0 dagger (curse)
rCold  + . .     Clarity  .     a - +0 robe
rNeg   . . .     SustAt   .     (no shield)
rPois  .         Gourm    .     v - +0 helmet
rElec  .         Spirit   .     (no cloak)
rCorr  .         Warding  .     (no gloves)
rMut   .         Stasis   .     (no boots)
MR     .....                    w - amulet of regeneration
Stlth  ++........               s - ring of ice
                                p - ring of flight

@: very slightly contaminated, not resistant to hostile enchantments, unstealthy
A: no striking features
a: Evoke Flight


You were on level 5 of the Dungeon.
You were not hungry.

You visited 1 branch of the dungeon, and saw 7 of its levels.

You collected 304 gold pieces.

Inventory:

Hand Weapons
 u - a cursed +0 dagger (weapon)
Armour
 a - a +0 robe (worn)
 v - a +0 helmet (worn)
 y - a +0 helmet
Jewellery
 n - a +1 ring of evasion
 p - a ring of flight (left hand)
 s - a ring of ice (right hand)
 w - an amulet of regeneration (around neck)
Scrolls
 d - 2 scrolls of identify {unknown}
 e - 3 scrolls of remove curse {unknown}
 f - a scroll of immolation {unknown}
 h - 2 scrolls of enchant armour {unknown}
 k - a scroll of recharging {unknown}
 l - 2 scrolls of fear {unknown}
 m - 2 scrolls of teleportation {unknown}
 q - 2 scrolls of magic mapping {unknown}
 r - 2 scrolls of enchant weapon {unknown}
 A - a scroll of noise {unknown}
Potions
 g - a potion of heal wounds {unknown}
 i - 2 potions of agility {unknown}
 j - a potion of cure mutation {unknown}
 o - a potion of might {unknown}
 t - a potion of poison {unknown}
 z - 2 potions of brilliance {unknown}
Books
 b - a book of Callings

   Spells                             Type                      Level
   a - Summon Small Mammal            Summoning                    1
   b - Call Imp                       Summoning                    2
   c - Call Canine Familiar           Summoning                    3
   d - Summon Guardian Golem          Hexes/Summoning              3
   e - Summon Lightning Spire         Summoning/Air                4
   f - Summon Ice Beast               Ice/Summoning                4
Comestibles
 c - 3 bread rations
 x - 3 meat rations


   Skills:
 + Level 3.0 Dodging
 + Level 2.8 Stealth
 + Level 6.5 Spellcasting
 + Level 6.4 Summonings
 + Level 0.7 Ice Magic


You had 13 spell levels left.
You knew the following spells:

 Your Spells              Type           Power        Failure   Level  Hunger
a - Summon Small Mammal   Summ           ####         1%          1    None
b - Summon Ice Beast      Ice/Summ       ####....     21%         4    ###....


Dungeon Overview and Level Annotations

Branches:
Dungeon (7/15)
 Temple: D:4-7

Altars:
Cheibriados
Dithmenos
Yredelemnul
Zin
The Shining One

Annotations:
D:5 gorblad's ghost, novice TrBe
D:6 gorblad's ghost, novice CeFi


Message History

Your rat closely misses gorblad's ghost.
You see here a giant club.
Your ice beast hits gorblad's ghost but does no damage.
Your bat completely misses gorblad's ghost.
Your bat barely misses gorblad's ghost.
Your bat hits gorblad's ghost but does no damage.
Your bat disappears in a puff of smoke!
Gorblad's ghost lets out a mournful wail.
Gorblad's ghost hits you!
* * * LOW HITPOINT WARNING * * *
Your ice beast disappears in a puff of smoke!
Gorblad's ghost whispers, "The ORB doesn't exist."
Casting: Summon Small Mammal
Confirm with . or Enter, or press ? or * to list all spells.
Gorblad's ghost hits you!
* * * LOW HITPOINT WARNING * * *
You see here a robe.
Gorblad's ghost hits you!!
Ouch! That really hurt!
You die...

####....##)..#.#r##
##.#
#######........#)####
#..#
.......>............#
#r##
..................###
#.####
.................##
#r...#
#########........#
#....# #........###
#....# #
#.#........####....#
#
#.......@W.r.r.....#
##
#......#.##.###....#
(# #....########
####.# .## #.....#
#.# #..# ..##
#.....## ##.## ##..#
...## #...#..# #...#
#..## #...##
#....#.###.#.###.##
##...##
#...##..#..#..#..#
##...#
#r..###...###...##


You could see gorblad's ghost and 2 friendly rats.

Vanquished Creatures
  A giant cockroach (D:6)
  A giant newt (D:4)
  A jackal (D:4)
  A jackal skeleton (D:4)
  A rat (D:4)
5 creatures vanquished.

Vanquished Creatures (collateral kills)
  2 ogres
  2 crimson imps
  2 iguanas (D:5)
  An orc priest (D:4)
  A centaur skeleton (D:5)
  A worker ant (D:4)
  A hound skeleton (D:4)
  Robin (D:3)
  3 adders
  7 gnolls
  An adder zombie (D:5)
  4 oozes
  2 worms
  An adder skeleton (D:4)
  5 giant geckos
  6 orcs
  8 bats
  4 giant cockroaches
  10 hobgoblins
  9 kobolds
  A ball python (D:1)
  4 giant newts
  17 goblins
  5 jackals
  12 rats
110 creatures vanquished.

Grand Total: 115 creatures vanquished

Notes
Turn   | Place    | Note
--------------------------------------------------------------
     0 | D:1      | dohliylev the Deep Elf Summoner began the quest for the Orb.
     0 | D:1      | Reached XP level 1. HP: 10/10 MP: 6/6
   233 | D:1      | Reached XP level 2. HP: 15/15 MP: 1/8
  1042 | D:1      | Reached XP level 3. HP: 2/19 MP: 0/10
  1462 | D:2      | Found a basalt altar of Yredelemnul.
  1600 | D:2      | Reached skill level 5 in Summonings
  2219 | D:2      | Reached XP level 4. HP: 24/24 MP: 6/12
  2289 | D:2      | Found a shadowy altar of Dithmenos.
  2788 | D:3      | Learned a level 4 spell: Summon Ice Beast
  2927 | D:3      | Noticed Robin
  3017 | D:3      | Killed Robin
  3296 | D:3      | Reached skill level 5 in Spellcasting
  3849 | D:4      | Reached XP level 5. HP: 28/28 MP: 1/14
  4302 | D:4      | Found a snail-covered altar of Cheibriados.
  4501 | D:5      | Entered Level 5 of the Dungeon
  4509 | D:5      | Noticed an ogre
  4532 | D:5      | Killed an ogre
  4595 | D:5      | Reached skill level 6 in Summonings
  4622 | D:5      | Noticed gorblad's ghost (novice TrBe)
  4645 | D:4      | Noticed an ogre
  4685 | D:4      | Killed an ogre
  4685 | D:4      | Reached XP level 6. HP: 26/32 MP: 1/17
  5111 | D:6      | Noticed gorblad's ghost (novice CeFi)
  5371 | D:6      | Found a glowing silver altar of Zin.
  5371 | D:6      | Found a glowing golden altar of the Shining One.
  5494 | D:5      | Demolished by gorblad's ghost

Action                   |  1- 3 |  4- 6 || total
-------------------------+-------+-------++-------
Melee: Unarmed           |     7 |       ||     7
       Dagger            |       |    28 ||    28
 Cast: Summon Small Mamm |   145 |   212 ||   357
       Summon Ice Beast  |       |     8 ||     8
 Stab: Sleeping          |       |     4 ||     4
  Eat: Chunk             |     4 |     9 ||    13
       Bread ration      |       |     1 ||     1
